[Event "Friday 12 January Rapid Engine Tour12+1 Rponds 9 Starts 1600 ST"]
[Site "Infinity Chess"]
[Date "2018.1.12"]
[Round "5"]
[White "ocirema"]
[Black "hafaba"]
[Result "1/2-1/2"]
[ECO "B00"]
[WhiteElo "2397"]
[BlackElo "2416"]
[WhiteEngine "stockfish_18010422_x64_modern_CTG"]
[BlackEngine "Stockfish SL 07012018 POPCNT_CTG"]
[EventType "Swiss"]
[WhiteTeam ""]
[BlackTeam ""]
[PlyCount "96"]
[TimeControl "720+1"]

1. e4 Nc6 2. d4 d5 3. e5 Bf5 4. c3 e6 5. Nf3 f6 6. Bb5 Nge7 7. exf6 gxf6 
8. Nh4 Bg6 9. O-O Qd7 10. Nd2 a6 11. Ba4 O-O-O 12. Re1 Nf5 13. Ndf3 Rg8 
14. Bf4 Kb8 15. Nxf5 Bxf5 16. Nh4 Be4 17. f3 Bg6 18. Nxg6 Rxg6 19. Qd2 Bd6 
20. Re2 Rdg8 21. Bxd6 Qxd6 22. Bxc6 Qxc6 23. Rae1 Qd6 24. Kh1 Re8 25. f4 Rgg8 
26. Qe3 h5 27. Qf3 h4 28. Re3 Re7 29. R1e2 Ka7 30. Kg1 c6 31. Kf1 Kb6 32. a4 Ka7 
33. a5 f5 34. Re5 Qc7 35. b4 Rg4 36. Kg1 Qd6 37. Qe3 Re8 38. Rxe6 Rxe6 
39. Qxe6 Qxf4 40. Qe3 Qd6 41. Qe7 Qg6 42. Qc5+ Ka8 43. Qf8+ Ka7 44. g3 hxg3 
45. Qc5+ Ka8 46. Qf8+ Ka7 47. Qc5+ Ka8 48. Qf8+ Ka7 1/2-1/2

[Event "Friday 12 January Rapid Engine Tour12+1 Rponds 9 Starts 1600 ST"]
[Site "Infinity Chess"]
[Date "2018.1.12"]
[Round "5"]
[White "MedusaV3"]
[Black "SkyPilot"]
[Result "1/2-1/2"]
[ECO "B23"]
[WhiteElo "2339"]
[BlackElo "2438"]
[WhiteEngine "komodo-11.2.2-64bit"]
[BlackEngine "stockfish_x64_bmi2_2018_01_01_CTG"]
[EventType "Swiss"]
[WhiteTeam ""]
[BlackTeam ""]
[PlyCount "147"]
[TimeControl "720+1"]

1. e4 c5 2. Nc3 a6 3. Nf3 d6 4. d4 cxd4 5. Qxd4 Nf6 6. Nd5 e5 7. Nxf6+ Qxf6 
8. Qc3 Nc6 9. Bc4 Be7 10. Bd5 O-O 11. O-O Qg6 12. Bd2 a5 13. a3 h6 14. Rfd1 Bg4 
15. Qd3 Rfc8 16. Kh1 Rab8 17. c3 Nd8 18. h3 Qh5 19. Re1 Bxf3 20. Qxf3 Qxf3 
21. gxf3 Ne6 22. Kg2 b5 23. Kg3 g5 24. Be3 Rc7 25. Rad1 Kg7 26. Kg4 Kg6 
27. Kg3 Nf4 28. Bb3 a4 29. Ba2 Kg7 30. Kg4 Ng6 31. Rg1 Rcc8 32. Bb1 Kf6 
33. Rd2 Rf8 34. Ba2 Kg7 35. Rd5 Nh4 36. Bb1 f5+ 37. exf5 Kf6 38. Rdd1 Nxf5 
39. Kh5 Rg8 40. Be4 Rh8 41. Ba7 Rbg8 42. Be3 Rb8 43. Rge1 Ng7+ 44. Kg4 Nf5 
45. h4 Nxh4 46. f4 gxf4 47. Bxf4 Ke6 48. Bh2 Rbf8 49. f4 Kd7 50. Bg3 Rhg8+ 
51. Kh3 Nf5 52. Bxf5+ Rxf5 53. Rxe5 Rxe5 54. fxe5 Rg6 55. c4 bxc4 56. Rd4 h5 
57. Rxc4 dxe5 58. Bxe5 Re6 59. Bc3 Re3+ 60. Kg2 h4 61. Kf2 Rg3 62. Rd4+ Kc6 
63. Rxa4 Bc5+ 64. Kf1 h3 65. Rh4 Rf3+ 66. Ke2 Rf2+ 67. Ke1 h2 68. Be5 Kb7 
69. b4 Be3 70. Rxh2 Rxh2 71. Bxh2 Kc6 72. Be5 Kb5 73. Kd1 Bc5 74. bxc5 1/2-1/2

[Event "Friday 12 January Rapid Engine Tour12+1 Rponds 9 Starts 1600 ST"]
[Site "Infinity Chess"]
[Date "2018.1.12"]
[Round "5"]
[White "MarioDeMonti"]
[Black "KillBill2017"]
[Result "1/2-1/2 "]
[ECO "C50"]
[WhiteElo "2406"]
[BlackElo "2398"]
[WhiteEngine "stockfish_x64_bmi2_2018_01_01_CTG"]
[BlackEngine "asmFishW_2018-01-12_popcnt_CTG"]
[EventType "Swiss"]
[WhiteTeam ""]
[BlackTeam ""]
[PlyCount "259"]
[TimeControl "720+1"]

1. e4 e5 2. Nf3 Nc6 3. Bc4 Bc5 4. O-O d6 5. c3 Nf6 6. d3 a5 7. Re1 O-O 8. h3 h6 
9. Nbd2 Be6 10. a4 Bb6 11. Bxe6 fxe6 12. Nc4 Bc5 13. Be3 Bxe3 14. Rxe3 Nd7 
15. Na3 Rf7 16. Nb5 Nc5 17. d4 exd4 18. cxd4 Na6 19. Rc1 Qf6 20. Qe2 Raf8 
21. Rd1 Nab4 22. Nc3 Qe7 23. Rd2 Qd8 24. Qd1 Nb8 25. Qb3 Qe7 26. Nb5 N8a6 
27. Na3 b6 28. Qd1 Qe8 29. Nh4 Re7 30. Rg3 g5 31. Nf3 Rg7 32. Nc4 Nb8 33. e5 d5 
34. Ne3 Nd7 35. Ng4 Kh7 36. Re2 c5 37. dxc5 bxc5 38. Qc1 c4 39. b3 cxb3 
40. Nd4 Qg6 41. Rxb3 Nd3 42. Qa3 Nf4 43. Re1 Rff7 44. Rb7 Qd3 45. Qxd3+ Nxd3 
46. Rd1 N7xe5 47. Rxf7 Rxf7 48. Nxe5 Nxe5 49. Nxe6 Rf6 50. Nc5 Rd6 51. Nb7 Rd7 
52. Nxa5 d4 53. Nb3 d3 54. a5 Rb7 55. Nc5 Rb5 56. Nxd3 Nxd3 57. Rxd3 Rxa5 
58. Rd4 h5 59. h4 g4 60. Rd7+ Kg6 61. Rd2 Kg7 62. Rc2 Ra4 63. Rc5 Kg6 
64. Rg5+ Kh6 65. Re5 Rd4 66. Re6+ Kg7 67. Kh2 Rb4 68. Kg3 Rb1 69. Rd6 Rb3+ 
70. Kh2 Kf7 71. Rd5 Kg6 72. Rd2 Rb5 73. Kg3 Rb1 74. Rd6+ Kf7 75. Rd5 Kg6 
76. Rd3 Ra1 77. Rc3 Rg1 78. Rc6+ Kh7 79. Rc7+ Kg6 80. Rc6+ Kh7 81. Rf6 Kg7 
82. Rf5 Kh6 83. Rg5 Rf1 84. Ra5 Rc1 85. Ra6+ Kg7 86. Re6 Rf1 87. Re5 Kh6 
88. Ra5 Kg6 89. Ra2 Kh6 90. Ra6+ Kh7 91. Ra5 Kg6 92. Rb5 Kh6 93. Rb6+ Kh7 
94. Rb7+ Kg6 95. Rd7 Ra1 96. Rd6+ Kg7 97. Re6 Rb1 98. Re2 Ra1 99. Kf4 Kf6 
100. Rb2 Ra4+ 101. Kg3 Kg6 102. Rb6+ Kf7 103. Rb7+ Kf6 104. Rb5 Ra3+ 
105. Kh2 Kg6 106. Rg5+ Kh6 107. Rg8 Ra2 108. Kg3 Ra1 109. f3 gxf3 110. Kxf3 Ra3+ 
111. Kf2 Ra2+ 112. Kg3 Ra3+ 113. Kf2 Ra5 114. Rc8 Ra2+ 115. Kg3 Ra1 
116. Rc6+ Kg7 117. Rc4 Kh6 118. Kf3 Ra2 119. g3 Ra3+ 120. Kg2 Ra1 121. Kh3 Ra5 
122. Rc6+ Kg7 123. Rc7+ Kg6 124. Rc8 Ra1 125. Rc5 Kh6 126. Rb5 Kg6 127. Re5 Ra2 
128. Rg5+ Kh6 129. Re5 Ra1 130. Rc5 1/2-1/2

[Event "Friday 12 January Rapid Engine Tour12+1 Rponds 9 Starts 1600 ST"]
[Site "Infinity Chess"]
[Date "2018.1.12"]
[Round "5"]
[White "Satria_Ungu"]
[Black "Thor"]
[Result "1/2-1/2"]
[ECO "E40"]
[WhiteElo "2408"]
[BlackElo "2404"]
[WhiteEngine "Houdini 6"]
[BlackEngine "asmFishW_2017-11-19_bmi2"]
[EventType "Swiss"]
[WhiteTeam ""]
[BlackTeam ""]
[PlyCount "242"]
[TimeControl "720+1"]

1. d4 Nf6 2. c4 e6 3. Nc3 Bb4 4. e3 O-O 5. Nge2 d5 6. a3 Be7 7. cxd5 exd5 
8. Nf4 c6 9. Bd3 Bd6 10. O-O Re8 11. Qc2 Nbd7 12. f3 Nb6 13. Kh1 h6 14. a4 a5 
15. b3 Bb8 16. Bd2 Re7 17. Rae1 Re8 18. Nd1 Qe7 19. g3 Bd6 20. Bc3 Rf8 
21. Qd2 Bb4 22. Bc2 Re8 23. g4 Bxc3 24. Nxc3 Nbd7 25. Rg1 g5 26. Nd3 Nf8 
27. Ne5 Be6 28. Ref1 N6h7 29. Ne2 f6 30. Ng6 Qb4 31. Qc1 Kf7 32. Nxf8 Nxf8 
33. h4 Rac8 34. Rf2 Bd7 35. hxg5 hxg5 36. Rh2 c5 37. dxc5 Qxc5 38. Nd4 Kg8 
39. Re1 Ng6 40. Kg1 Nh4 41. Kf2 Qb4 42. Qd1 Rc3 43. Bd3 Kf8 44. Qd2 Rec8 
45. Qe2 Ke7 46. Rb1 Kd8 47. Rhh1 Ke7 48. Rbd1 Kf8 49. Qd2 Kf7 50. Rhg1 Kf8 
51. Qe2 b6 52. Rh1 Qd6 53. Qd2 Qb4 54. Ba6 Re8 55. Rde1 Kg7 56. Bd3 Rec8 
57. Qe2 Re8 58. Rh3 Rec8 59. Reh1 Rc1 60. Bc2 Qa3 61. Rd1 Qb2 62. Bd3 Qa3 
63. Rhh1 R1c3 64. Qd2 Qb4 65. Rhg1 Kf8 66. Rg3 Kf7 67. Ba6 R8c7 68. Be2 Rc8 
69. Rh3 Kg7 70. Bd3 Kf8 71. Ba6 Re8 72. Re1 Kg7 73. Rhh1 Kf8 74. Bd3 Rec8 
75. Qd1 Re8 76. Re2 Kg7 77. Rc2 Qe7 78. Qd2 Rc5 79. Rcc1 Rxc1 80. Qxc1 Qd6 
81. Qd2 Rh8 82. Qe1 Re8 83. Qc1 Kf8 84. Bc2 Qc5 85. Bh7 Re7 86. Bb1 Re8 
87. Qb2 Qd6 88. Rh3 Rc8 89. Qd2 Kf7 90. Rh1 Rb8 91. Qd3 Rh8 92. Rh3 Kg7 
93. Qa6 Re8 94. Qe2 Qe5 95. Qd2 Qd6 96. Qd1 Rh8 97. Bd3 Rc8 98. Rh1 Rh8 
99. Bb1 Qc7 100. Qc1 Qb8 101. Rh3 Qd6 102. Bd3 Qe5 103. Qd1 Rc8 104. Qe1 Re8 
105. Qd2 Rh8 106. Qe2 Rc8 107. f4 Qe7 108. Bb5 Re8 109. Bxd7 Qxd7 110. Qb5 Qxb5 
111. Nxb5 Rc8 112. Ke2 Rc1 113. Kd2 Rg1 114. Nc7 d4 115. Ne6+ Kg6 116. f5+ Kf7 
117. Nxd4 Ke8 118. Kd3 Kd7 119. Rh2 Rxg4 120. Rc2 Rg1 121. Ke4 Rg3 1/2-1/2

[Event "Friday 12 January Rapid Engine Tour12+1 Rponds 9 Starts 1600 ST"]
[Site "Infinity Chess"]
[Date "2018.1.12"]
[Round "5"]
[White "CrapCleaner"]
[Black "miguello"]
[Result "1/2-1/2"]
[ECO "B06"]
[WhiteElo "2414"]
[BlackElo "2422"]
[WhiteEngine "komodo-11.01-64bit_CTG"]
[BlackEngine "asmFishW_2017-11-19_popcnt_CTG"]
[EventType "Swiss"]
[WhiteTeam ""]
[BlackTeam ""]
[PlyCount "143"]
[TimeControl "720+1"]

1. e4 g6 2. d4 Bg7 3. Nc3 d6 4. Nf3 Nf6 5. Be2 O-O 6. O-O c6 7. a4 Qc7 
8. h3 Nbd7 9. Be3 b6 10. Qd2 Bb7 11. Rfe1 e6 12. a5 bxa5 13. Bf4 Rfd8 
14. Rad1 Rac8 15. Qc1 a4 16. Bf1 Nb6 17. Qa1 Ra8 18. e5 dxe5 19. Nxe5 Qe7 
20. Nxa4 Nxa4 21. Qxa4 a5 22. c4 Qb4 23. Qc2 Qe7 24. Bg5 h6 25. Bh4 a4 
26. c5 Qe8 27. Re3 g5 28. Bg3 Nd5 29. Ra3 f5 30. Bh2 Ba6 31. Bxa6 Rxa6 
32. Nc4 f4 33. Nd6 Qf8 34. Kh1 Qf6 35. f3 Bf8 36. Ne4 Qf5 37. Rda1 h5 
38. Rxa4 Rxa4 39. Qxa4 g4 40. Qxc6 Be7 41. Qa6 gxf3 42. gxf3 Qxh3 43. Qf1 Qxf1+ 
44. Rxf1 Kf7 45. Rc1 Ke8 46. Nc3 Nb4 47. Ne2 Nc6 48. Rc4 e5 49. Bg1 Bf6 
50. d5 Rxd5 51. b4 Rd2 52. Nc3 Rc2 53. b5 Kd7 54. Na4 Rxc4 55. Nb6+ Kc7 
56. Nxc4 Nd4 57. Bxd4 exd4 58. Nb2 Be7 59. Nd3 Kc8 60. b6 Kb7 61. Kg2 Kc6 
62. Kf2 Kb7 63. Kg2 Kc6 64. Kf2 h4 65. Kg2 Bd8 66. Nxf4 Kxc5 67. b7 Bc7 
68. Ne6+ Kc6 69. Nxd4+ Kxb7 70. Kh3 Kc8 71. Kxh4 Bb6 72. Nc2 1/2-1/2

[Event "Friday 12 January Rapid Engine Tour12+1 Rponds 9 Starts 1600 ST"]
[Site "Infinity Chess"]
[Date "2018.1.12"]
[Round "5"]
[White "IronMan"]
[Black "angriff"]
[Result "1/2-1/2"]
[ECO "A40"]
[WhiteElo "2420"]
[BlackElo "2412"]
[WhiteEngine "Stockfish SL FA PB BMI2"]
[BlackEngine "SF_64BIT_POPCNT_CTG"]
[EventType "Swiss"]
[WhiteTeam ""]
[BlackTeam ""]
[PlyCount "103"]
[TimeControl "720+1"]

1. d4 c6 2. c4 d5 3. cxd5 cxd5 4. Nc3 Nc6 5. Bf4 e5 6. Bxe5 Nxe5 7. dxe5 d4 
8. Ne4 Qa5+ 9. Nd2 Ne7 10. Ngf3 Nc6 11. g3 Nxe5 12. Nxe5 Qxe5 13. Bg2 Bc5 
14. b4 Be7 15. O-O O-O 16. Nf3 Qf6 17. Qxd4 Qxd4 18. Nxd4 Rd8 19. Nc2 Rd2 
20. Rac1 Rxe2 21. Rfd1 Kf8 22. b5 Bg4 23. Ne3 Rxe3 24. fxe3 Bxd1 25. Rxd1 Bc5 
26. Bxb7 Re8 27. Kf1 Rxe3 28. Rd7 g6 29. Bd5 Re7 30. Rxe7 Kxe7 31. g4 f5 
32. gxf5 gxf5 33. Kg2 Kf6 34. Kf3 Kg6 35. Bc4 Bb6 36. Bb3 Bc7 37. h3 Kf6 
38. a4 Bb6 39. Bg8 h6 40. Bd5 Bc7 41. h4 Bd8 42. h5 Kg5 43. Be6 f4 44. Bd7 Ba5 
45. Be6 Bd2 46. Bd5 Kxh5 47. a5 Bxa5 48. b6 axb6 49. Kxf4 b5 50. Bf3+ Kh4 
51. Kf5 Bd8 52. Kg6 1/2-1/2

[Event "Friday 12 January Rapid Engine Tour12+1 Rponds 9 Starts 1600 ST"]
[Site "Infinity Chess"]
[Date "2018.1.12"]
[Round "5"]
[White "KULLANI"]
[Black "Dovahkiin"]
[Result "1/2-1/2"]
[ECO "C11"]
[WhiteElo "2426"]
[BlackElo "2446"]
[WhiteEngine "BrainFish_180106_x64_CTG"]
[BlackEngine "BrainFish_180106_x64_modern_CTG"]
[EventType "Swiss"]
[WhiteTeam ""]
[BlackTeam ""]
[PlyCount "24"]
[TimeControl "720+1"]

1. e4 e6 2. d4 d5 3. Nc3 Nf6 4. e5 Nfd7 5. f4 c5 6. Nf3 Nc6 7. Be3 cxd4 
8. Nxd4 Qb6 9. Na4 Qa5+ 10. Nc3 Qb6 11. Na4 Qa5+ 12. Nc3 Qb6 1/2-1/2

[Event "Friday 12 January Rapid Engine Tour12+1 Rponds 9 Starts 1600 ST"]
[Site "Infinity Chess"]
[Date "2018.1.12"]
[Round "5"]
[White "Neoxium"]
[Black "RonWeasley"]
[Result "1/2-1/2"]
[ECO "A05"]
[WhiteElo "2451"]
[BlackElo "2431"]
[WhiteEngine "Stockfish SL FA PB BMI2"]
[BlackEngine "BrainFish 060118_CTG"]
[EventType "Swiss"]
[WhiteTeam ""]
[BlackTeam ""]
[PlyCount "128"]
[TimeControl "720+1"]

1. Nf3 Nf6 2. c4 e6 3. d4 d5 4. Nc3 c6 5. Bg5 h6 6. Bxf6 Qxf6 7. e3 Nd7 
8. Bd3 dxc4 9. Bxc4 g6 10. O-O Bg7 11. e4 e5 12. d5 Nb6 13. Bb3 Bg4 14. Re1 Bxf3 
15. Qxf3 Qxf3 16. gxf3 O-O 17. dxc6 bxc6 18. Na4 Rfc8 19. Red1 Rc7 20. Rac1 Bf8 
21. Rc2 c5 22. Bd5 Rb8 23. Nxb6 axb6 24. a4 Rd7 25. Rcd2 Kg7 26. Rd3 Be7 
27. Rb3 Bd8 28. a5 Ra7 29. axb6 Bxb6 30. Rd2 h5 31. Rc2 Ra1+ 32. Kg2 Rd1 
33. Rb5 Rd4 34. b3 Rb4 35. Rxb4 cxb4 36. Rc4 Ba5 37. h4 Bd8 38. Kh3 Kf6 
39. Rc2 Bb6 40. Kh2 Kg7 41. Kg2 f6 42. Rc4 Bd8 43. Rc6 Bb6 44. Rc4 Ba5 
45. Rc1 Bd8 46. Rc4 g5 47. hxg5 fxg5 48. Rc6 Bb6 49. Rd6 Bc5 50. Rd7+ Kh6 
51. Rc7 Bd4 52. Kg3 Rf8 53. Rc6+ Kg7 54. Rc7+ Kf6 55. Kg2 Bc3 56. Kg3 h4+ 
57. Kg2 Bd4 58. Rc6+ Kg7 59. Rc7+ Kf6 60. Rc6+ Kg7 61. Rc2 Bc3 62. Ra2 Kh6 
63. Ra6+ Kg7 64. Rc6 Bd4 1/2-1/2

[Event "Friday 12 January Rapid Engine Tour12+1 Rponds 9 Starts 1600 ST"]
[Site "Infinity Chess"]
[Date "2018.1.12"]
[Round "5"]
[White "Cepri"]
[Black "Thinker"]
[Result "1/2-1/2"]
[ECO "C50"]
[WhiteElo "2461"]
[BlackElo "2448"]
[WhiteEngine "BrainFish_180106_x64"]
[BlackEngine "BrainFish_180106_x64_modern_CTG"]
[EventType "Swiss"]
[WhiteTeam ""]
[BlackTeam ""]
[PlyCount "93"]
[TimeControl "720+1"]

1. e4 e5 2. Nf3 Nc6 3. Bc4 Bc5 4. O-O Nf6 5. d3 d6 6. c3 O-O 7. Nbd2 a5 
8. Re1 h6 9. Nf1 Be6 10. Bb5 Ne7 11. d4 Bb6 12. h3 exd4 13. Nxd4 c6 14. Bd3 Ng6 
15. Bc2 Bd7 16. Be3 Re8 17. Ng3 d5 18. Nf3 Nxe4 19. Bxb6 Qxb6 20. Nxe4 dxe4 
21. Bxe4 Qxb2 22. Rb1 Qxa2 23. Ra1 Qb2 24. Rb1 Qa2 25. Rxb7 Be6 26. Bxg6 fxg6 
27. Qd6 Rac8 28. Re5 c5 29. Ra7 Kh7 30. Qb6 Bf5 31. Rxe8 Rxe8 32. Qxa5 Qc4 
33. Rc7 Qf4 34. Qxc5 Qc1+ 35. Kh2 Qf4+ 36. Kg1 Ra8 37. Ne1 Ra1 38. Rxg7+ Kxg7 
39. Qe7+ Kh8 40. Qe8+ Kg7 41. Qe7+ Kh8 42. Qf8+ Kh7 43. Qe7+ Kg8 44. Qe8+ Kh7 
45. Qe7+ Kg8 46. Qe8+ Kh7 47. Qe7+ 1/2-1/2

[Event "Friday 12 January Rapid Engine Tour12+1 Rponds 9 Starts 1600 ST"]
[Site "Infinity Chess"]
[Date "2018.1.12"]
[Round "5"]
[White "Vimtiroba"]
[Black "KhalidOmar"]
[Result "1/2-1/2"]
[ECO "B23"]
[WhiteElo "2464"]
[BlackElo "2451"]
[WhiteEngine "AsmFish@J10V3_CTG"]
[BlackEngine "Eman 1.61a 64-bit BMI2"]
[EventType "Swiss"]
[WhiteTeam ""]
[BlackTeam ""]
[PlyCount "66"]
[TimeControl "720+1"]

1. e4 c5 2. Nc3 d6 3. Nf3 Nf6 4. d4 cxd4 5. Nxd4 a6 6. Be3 e5 7. Nb3 Be6 
8. Be2 Be7 9. Qd3 O-O 10. O-O Nc6 11. a3 Rc8 12. Nd5 Nd7 13. Qd2 h6 14. Rad1 Bg5 
15. Bxg5 Qxg5 16. Qxg5 hxg5 17. h3 g6 18. Rd2 Rfd8 19. Rfd1 Kf8 20. f3 Bxd5 
21. Rxd5 Nb6 22. R5d2 Ke7 23. c3 f5 24. Kf2 a5 25. Na1 f4 26. Nc2 Na4 
27. Bb5 Nb6 28. Be2 Nb8 29. g3 Na6 30. Rg1 Kf6 31. Rgd1 Ke7 32. Rg1 Kf6 
33. Rgd1 Ke7 1/2-1/2

[Event "Friday 12 January Rapid Engine Tour12+1 Rponds 9 Starts 1600 ST"]
[Site "Infinity Chess"]
[Date "2018.1.12"]
[Round "5"]
[White "Eman"]
[Black "Time_bandit"]
[Result "1/2-1/2"]
[ECO "D00"]
[WhiteElo "2466"]
[BlackElo "2454"]
[WhiteEngine "Eman 1.61a 64-bit POPCNT"]
[BlackEngine "asmFishW_2017-11-19_popcnt"]
[EventType "Swiss"]
[WhiteTeam ""]
[BlackTeam ""]
[PlyCount "148"]
[TimeControl "720+1"]

1. d4 d5 2. e3 Nf6 3. c4 e6 4. Nf3 c6 5. Nbd2 c5 6. cxd5 exd5 7. b3 cxd4 
8. Nxd4 Bb4 9. Bb5+ Nbd7 10. O-O a6 11. Bd3 O-O 12. Bb2 Re8 13. h3 Ne5 
14. N2f3 Qe7 15. Nxe5 Qxe5 16. Rb1 Bd6 17. Nf3 Qe7 18. Bc2 Be6 19. Qd4 Rac8 
20. Bd3 Bd7 21. Rfd1 Ba3 22. Bxa3 Qxa3 23. Qb6 Rb8 24. Nd4 Rec8 25. Ne2 h6 
26. Rd2 Be6 27. b4 Ne4 28. Bxe4 dxe4 29. Rbd1 Rc4 30. Qa7 Rf8 31. Qxb7 Rxb4 
32. Qc7 Rc4 33. Qb7 Rb4 34. Qc7 Rc4 35. Qf4 Re8 36. Nd4 Bc8 37. Nb3 Qe7 
38. Rd4 Rc6 39. Rd6 Rc3 40. Kh2 Qe5 41. Qxe5 Rxe5 42. Nd4 Kh7 43. Rd2 Ra3 
44. g4 Rc3 45. Ne2 Rc7 46. Nf4 f5 47. gxf5 Rxf5 48. Rd8 Rff7 49. Re8 Rfe7 
50. Rf8 Rf7 51. Rxf7 Rxf7 52. h4 Rf5 53. Rc2 Bd7 54. Rc7 Rf7 55. Kg3 g5 
56. hxg5 hxg5 57. Ne2 Be6 58. Rc2 Rf3+ 59. Kg2 Rf8 60. Kg3 Rf3+ 61. Kg2 Rf8 
62. a3 Rc8 63. Rxc8 Bxc8 64. Ng3 Bd7 65. Nxe4 Bc6 66. f3 Bxe4 67. fxe4 Kg6 
68. Kf2 Kf6 69. a4 a5 70. Ke2 Ke5 71. Ke1 g4 72. Kd1 g3 73. Ke2 g2 74. Kf2 Kxe4 
1/2-1/2

[Event "Friday 12 January Rapid Engine Tour12+1 Rponds 9 Starts 1600 ST"]
[Site "Infinity Chess"]
[Date "2018.1.12"]
[Round "5"]
[White "Marsell"]
[Black "Wolle"]
[Result "1/2-1/2"]
[ECO "C53"]
[WhiteElo "2489"]
[BlackElo "2472"]
[WhiteEngine "asmFishW_2018-01-11_popcnt"]
[BlackEngine "Raubfisch X37a2_CTG"]
[EventType "Swiss"]
[WhiteTeam ""]
[BlackTeam ""]
[PlyCount "134"]
[TimeControl "720+1"]

1. e4 e5 2. Nf3 Nc6 3. Bc4 Bc5 4. c3 Nf6 5. d3 d6 6. O-O a5 7. Bg5 Ba7 
8. Nbd2 h6 9. Bh4 Qe7 10. Bb5 g5 11. Bg3 O-O 12. Nc4 Nb8 13. Ba4 Be6 
14. Ne3 Bxe3 15. fxe3 Nbd7 16. Bc2 Bg4 17. h3 Bh5 18. c4 c6 19. Rc1 Qe6 
20. Qd2 Bg6 21. a3 a4 22. Qb4 c5 23. Qc3 Rfb8 24. Nd2 g4 25. hxg4 Nxg4 
26. Rce1 b5 27. Bd1 h5 28. Qc2 bxc4 29. Nxc4 Nb6 30. Nd2 Rb7 31. Bh4 Rc8 
32. Qc3 Qd7 33. Bf3 Kh7 34. Bg3 Qe6 35. Bh4 Qd7 36. Be2 d5 37. Bxg4 Qxg4 
38. Bf6 dxe4 39. dxe4 Rg8 40. Rf2 Bxe4 41. Nxe4 Qxe4 42. Qxe5 Qxe5 43. Bxe5 Nc4 
44. Bc3 Nd6 45. Ref1 Re7 46. Rf6 Rg6 47. R6f4 Rg4 48. R4f3 f5 49. Rd1 Nc4 
50. Kf2 Re6 51. Rxf5 Rxg2+ 52. Kxg2 Nxe3+ 53. Kf3 Nxf5 54. Rd5 Nd4+ 55. Kf4 Ne2+ 
56. Kf5 Rb6 57. Rd7+ Kg8 58. Bf6 Kf8 59. Rd8+ Kf7 60. Rd7+ Kg8 61. Ra7 Kf8 
62. Rxa4 Nd4+ 63. Bxd4 cxd4 64. Rxd4 Rxb2 65. a4 Kg7 66. a5 Rb5+ 67. Ke4 Rxa5 
1/2-1/2

[Event "Friday 12 January Rapid Engine Tour12+1 Rponds 9 Starts 1600 ST"]
[Site "Infinity Chess"]
[Date "2018.1.12"]
[Round "5"]
[White "Deep_Impact"]
[Black "THE_MACHINE"]
[Result "1/2-1/2"]
[ECO "C50"]
[WhiteElo "2505"]
[BlackElo "2482"]
[WhiteEngine "BrainFish_171226_x64_modern"]
[BlackEngine "Houdini 6"]
[EventType "Swiss"]
[WhiteTeam ""]
[BlackTeam ""]
[PlyCount "105"]
[TimeControl "720+1"]

1. e4 e5 2. Nf3 Nc6 3. Bc4 Bc5 4. O-O Nf6 5. d3 d6 6. c3 O-O 7. Bg5 h6 8. Bh4 a6 
9. a4 g5 10. Bg3 Ba7 11. Nbd2 Nh7 12. h3 h5 13. Kh1 Kh8 14. b4 h4 15. Bh2 g4 
16. Ng1 Rg8 17. hxg4 Bxg4 18. f3 Bd7 19. f4 Bxg1 20. Rxg1 exf4 21. Bxf4 Qf6 
22. Rf1 Qg6 23. Qf3 Rg7 24. d4 Nf6 25. b5 Ne7 26. Bh2 axb5 27. axb5 Rxa1 
28. Rxa1 Bg4 29. Qf2 h3 30. Rg1 Nxe4 31. Nxe4 Qxe4 32. Re1 Qxg2+ 33. Qxg2 hxg2+ 
34. Kg1 f6 35. b6 d5 36. Be2 Bxe2 37. Rxe2 cxb6 38. Re6 Kg8 39. Rxf6 Rg6 
40. Rf2 b5 41. Rb2 Nf5 42. Rxb5 Nh4 43. Kf2 b6 44. Bg1 Rc6 45. Kg3 Ng6 
46. Kxg2 Rxc3 47. Rxb6 Nf4+ 48. Kf2 Nh3+ 49. Kg2 Nxg1 50. Kxg1 Kg7 51. Kf2 Rc2+ 
52. Ke3 Rh2 53. Rb1 1/2-1/2

[Event "Friday 12 January Rapid Engine Tour12+1 Rponds 9 Starts 1600 ST"]
[Site "Infinity Chess"]
[Date "2018.1.12"]
[Round "5"]
[White "Harry_Potter"]
[Black "Katzenmaier"]
[Result "1/2-1/2 "]
[ECO "A13"]
[WhiteElo "2511"]
[BlackElo "2483"]
[WhiteEngine "asmFishW_2018-01-11_bmi2_CTG"]
[BlackEngine "S_XPrO.251117.x64.POPCNT_CTG"]
[EventType "Swiss"]
[WhiteTeam ""]
[BlackTeam ""]
[PlyCount "208"]
[TimeControl "720+1"]

1. c4 e6 2. d4 d5 3. Nc3 c6 4. e4 dxe4 5. Nxe4 Bb4+ 6. Bd2 Qxd4 7. Bxb4 Qxe4+ 
8. Be2 Na6 9. Bd6 Qxg2 10. Qd2 Nf6 11. Bf3 Qg6 12. O-O-O e5 13. Bxe5 Be6 
14. Ne2 Qf5 15. Bf4 Bxc4 16. Rhg1 Bxa2 17. Qe3+ Qe6 18. Be5 Nd5 19. Bxd5 Bxd5 
20. Nd4 Qe7 21. Nf5 Qc5+ 22. Qxc5 Nxc5 23. Bxg7 Rg8 24. Nh6 Kd7 25. Nxg8 Rxg8 
26. Bh6 Nb3+ 27. Kc2 Nd4+ 28. Kd3 Rxg1 29. Rxg1 Nf3 30. Ra1 a6 31. h3 Ke6 
32. Ra4 Kf5 33. Bf8 Ne5+ 34. Kc3 h5 35. Bd6 Nf3 36. Kd3 Kg6 37. Ra3 f6 
38. Ra1 Ng5 39. h4 Ne4 40. Bg3 Nc5+ 41. Ke3 Ne6 42. f3 Kf7 43. Be1 Nf8 
44. Kf4 Ng6+ 45. Kg3 Ne7 46. Bf2 Bb3 47. Ra3 Bc4 48. b3 Be2 49. b4 Bc4 
50. Ra1 Nd5 51. Bd4 Nxb4 52. Ra4 a5 53. Rxa5 b5 54. Ra8 Nc2 55. Ra7+ Kg6 
56. Bc5 b4 57. Rc7 Bd5 58. Kf2 b3 59. Ke2 Kf5 60. Rh7 Kg6 61. Rb7 Kf5 
62. Kd2 Kf4 63. Rh7 Kxf3 64. Rxh5 Ne3 65. Bxe3 b2 66. Rf5+ Kg3 67. Rf1 Ba2 
68. Rg1+ Kxh4 69. Bf2+ Kh3 70. Bd4 b1=Q 71. Rxb1 Bxb1 72. Kc3 f5 73. Kd2 f4 
74. Bf2 Kg4 75. Bg1 Kf5 76. Kc1 Be4 77. Kd2 Bg2 78. Bb6 Bf1 79. Ke1 Bd3 
80. Kd1 Kg4 81. Bg1 Be4 82. Bf2 Bf3+ 83. Ke1 Be4 84. Bg1 Bg6 85. Bc5 Be4 
86. Bg1 Kf3 87. Bb6 Bd3 88. Kd1 Kg2 89. Ke1 Bc4 90. Bc5 Bd3 91. Bf2 Kh3 
92. Bg1 Bc4 93. Bf2 Kg2 94. Bc5 Ba6 95. Bb6 Bb5 96. Bc5 Ba6 97. Bb6 Bc8 
98. Bc5 Bb7 99. Bf2 Ba8 100. Bb6 Bb7 101. Bf2 Ba8 102. Bd4 Kf3 103. Bf2 Kg4 
104. Kd2 Kg5 1/2-1/2

[Event "Friday 12 January Rapid Engine Tour12+1 Rponds 9 Starts 1600 ST"]
[Site "Infinity Chess"]
[Date "2018.1.12"]
[Round "5"]
[White "Murx"]
[Black "localhero"]
[Result "1/2-1/2"]
[ECO "D26"]
[WhiteElo "2474"]
[BlackElo "2432"]
[WhiteEngine "BrainFish_171226_x64_modern"]
[BlackEngine "asmFishW_2017-10-04_popcnt"]
[EventType "Swiss"]
[WhiteTeam ""]
[BlackTeam ""]
[PlyCount "159"]
[TimeControl "720+1"]

1. d4 d5 2. c4 dxc4 3. Nf3 Nf6 4. e3 e6 5. Bxc4 c5 6. O-O a6 7. Bb3 b5 8. a4 b4 
9. e4 Bb7 10. e5 Ne4 11. Nbd2 Nxd2 12. Bxd2 cxd4 13. Ng5 Be7 14. Qh5 Bxg5 
15. Bxg5 Qd7 16. Rac1 Nc6 17. Rfd1 h6 18. Be3 Qe7 19. Bd2 a5 20. Bc4 Rc8 
21. Qg4 Kf8 22. Bb5 Qd8 23. Be3 Kg8 24. Bxd4 Nxd4 25. Qxd4 Bd5 26. Rc6 Kh7 
27. Bd3+ g6 28. Bxg6+ Kxg6 29. Rd6 Qg5 30. Qxd5 Qf5 31. Qxa5 Rc2 32. Rf1 Rxb2 
33. h3 Rc8 34. Qb6 b3 35. Rd7 Kg7 36. Rb7 Qxe5 37. a5 Ra2 38. Qxb3 Rxa5 
39. Qb4 h5 40. Qe7 Qf6 41. Qxf6+ Kxf6 42. Rd1 Kg6 43. Rd3 Rc1+ 44. Kh2 Rf5 
45. Rd2 Rc4 46. Rdb2 h4 47. f3 Rd5 48. R7b4 Rxb4 49. Rxb4 Kh5 50. Rb2 e5 
51. Rb8 Rd2 52. Rb6 Kg5 53. Rb4 Rf2 54. Rg4+ Kh5 55. Rg7 f6 56. Rh7+ Kg5 
57. Rg7+ Kh5 58. Rg8 Rd2 59. Kh1 Rd3 60. Kh2 f5 61. Rh8+ Kg5 62. Re8 Kf6 
63. Rg8 Rb3 64. Rh8 Kg5 65. Rg8+ Kf4 66. Rh8 e4 67. Rxh4+ Ke3 68. fxe4 fxe4 
69. Rh7 Ke2 70. g4 e3 71. Kg3 Kd2 72. Re7 Rb1 73. Rd7+ Ke2 74. h4 Kf1 75. Re7 e2 
76. Kf3 e1=Q 77. Rxe1+ Kxe1 78. g5 Kd2 79. g6 Kd3 80. Kf4 1/2-1/2